 Dungeon Crawl Stone Soup version 0.30-a0-322-g102857c98e (webtiles) character file.

Game seed: 10097438875800627776

5181 freelancePsychic the Merchant of Misery (level 10, -8/55 HPs)
             Began as a Spriggan Wanderer on Oct 27, 2022.
             Was a Believer of Kikubaaqudgha.
             Killed from afar by an acid dragon (26 damage)
             ... with a splash of acid
             ... on level 8 of the Dungeon.
             The game lasted 00:22:14 (9068 turns).

freelancePsychic the Merchant of Misery (SpWn)      Turns: 9068, Time: 00:22:15

Health: -8/55      AC:  5    Str:  5    XL:     10   Next: 34%
Magic:  18/20      EV: 22    Int: 22    God:    Kikubaaqudgha [**....]
Gold:   407        SH:  0    Dex: 20    Spells: 17/22 levels left

rFire   . . .      SeeInvis +    b - +2 short sword (drain)
rCold   . . .      Faith    .    (no shield)
rNeg    . . .      Spirit   .    e - +0 robe
rPois   .          Reflect  .    (helmet restricted)
rElec   .          Harm     .    g - +2 cloak
rCorr   .          Rampage  .    (gloves unavailable)
Will    +....                    (boots unavailable)
Stlth   +++.......               (no amulet)
HPRegen 0.29/turn                i - +4 ring of protection
MPRegen 0.17/turn                u - +6 ring of intelligence

@: corroded, very quick
A: very small, no large weapons, unfitting armour, see invisible, speed 3
a: Renounce Religion, Unearth Wretches


You were on level 8 of the Dungeon.
You worshipped Kikubaaqudgha.
Kikubaaqudgha was pleased with you.
You visited 1 branch of the dungeon, and saw 8 of its levels.

You collected 407 gold pieces.

Inventory:

Hand Weapons
 a - a +0 dagger
 b - a +2 short sword of draining (weapon)
 y - a +0 rapier
 H - a +0 arbalest
Missiles
 o - 27 poisoned darts
Armour
 e - a +0 robe (worn)
 g - a +2 cloak (worn)
Jewellery
 i - a +4 ring of protection (left hand)
 u - a +6 ring of intelligence (right hand)
 A - a ring of flight
 B - a ring of fire
Wands
 m - a wand of light (4)
 v - a wand of flame (9)
 x - a wand of polymorph (14)
 D - a wand of roots (15)
Scrolls
 c - 3 scrolls of teleportation {@r4}
 n - a scroll of vulnerability
 p - a scroll of torment
 t - a scroll of silence
 w - a scroll of fog
 z - a scroll of enchant armour
 C - a scroll of poison
 E - a scroll of noise {unknown}
 F - a scroll of magic mapping
Potions
 d - 3 potions of haste {@q3}
 f - 5 potions of curing {@q1}
 h - 2 potions of ambrosia
 j - a potion of degeneration {unknown}
 k - a potion of magic {unknown}
 l - 3 potions of heal wounds {unknown}
 q - 4 potions of flight {unknown}
 r - 3 potions of brilliance {unknown}
 s - 3 potions of might {unknown}
 G - a potion of mutation {unknown}


   Skills:
 + Level 7.0 Fighting
 + Level 3.8 Short Blades
 - Level 1.0 Throwing
 - Level 7.0 Dodging
 - Level 3.9 Stealth
 - Level 1.5 Unarmed Combat
 - Level 6.5 Spellcasting
 + Level 7.6 Necromancy
 - Level 5.5 Poison Magic


You had 17 spell levels left.
You knew the following spells:

 Your Spells              Type           Power      Damage    Failure   Level
a - Necrotise             Necr           100%       1d9       1%          1
d - Olgreb's Toxic Radia  Pois           31%        N/A       9%          4

Your spell library contained the following spells:

 Spells                   Type           Power      Damage    Failure   Level
 Kiss of Death            Conj/Necr      92%        2d12      1%          1
 Sublimation of Blood     Necr           40%        N/A       1%          2
 Sting                    Tmut/Pois      76%        1d6       2%          1
 Cigotuvi's Dreadful Rot  Necr/Pois/Air  52%        N/A       2%          2
 Poisonous Vapours        Pois/Air       38%        N/A       4%          2
 Apportation              Tloc           14%        N/A       9%          1
 Summon Small Mammal      Summ           28%        N/A       9%          1
 Frozen Ramparts          Ice            14%        1d3       26%         3
 Alistair's Intoxication  Tmut/Pois      12%        N/A       61%         5
 Ice Form                 Ice/Tmut       7%         N/A       65%         4
 Summon Ice Beast         Ice/Summ       7%         N/A       65%         4


Dungeon Overview and Level Annotations

Branches:
Dungeon (8/15)             Temple (0/1) D:7            Lair (0/5) D:8

Altars:
Elyvilon
Kikubaaqudgha

Shops:
D:4 *

Annotations:
D:4 1 runed translucent door, Eustachio; elisander's ghost, amateur SpBr
D:5 1 runed translucent door, Crazy Yiuf; Grinder


Innate Abilities, Weirdness & Mutations

You are very small and have problems with some larger weapons.
You are too small for most types of armour.
You have supernaturally acute eyesight. (SInv)
You cover ground extremely quickly. (Speed+++)


Message History

The splash of acid hits you!!
Ouch! That really hurt!
The acid corrodes you!
You are too injured to fight recklessly!
You are too injured to fight recklessly!
Casting: Olgreb's Toxic Radiance (dangerous; 9% risk of failure)
Confirm with . or Enter, or press ? or * to list all spells.
Aiming: Necrotise (safe; 1% risk of failure)
Press: ? - help, Shift-Dir - straight line, f - acid dragon
Aim: an acid dragon (moderately wounded, catching its breath, lightly drained, chance to affect: 85%)
The acid dragon writhes in agony.
The acid dragon bites you but does no damage.
The acid dragon completely misses you.
Casting: Necrotise (safe; 1% risk of failure)
Confirm with . or Enter, or press ? or * to list all spells.
Aiming: Necrotise (safe; 1% risk of failure)
Press: ? - help, Shift-Dir - straight line, f/p - acid dragon
Aim: an acid dragon (moderately wounded, catching its breath, lightly drained, chance to affect: 85%)
The acid dragon writhes in agony.
The acid dragon misses you. x2
Casting: Necrotise (safe; 1% risk of failure)
Confirm with . or Enter, or press ? or * to list all spells.
Aiming: Necrotise (safe; 1% risk of failure)
Press: ? - help, Shift-Dir - straight line, f/p - acid dragon
Aim: an acid dragon (heavily wounded, catching its breath, lightly drained, chance to affect: 85%)
The acid dragon writhes in agony!
The acid dragon closely misses you. x2
You hit the acid dragon but do no damage.
The acid dragon is almost dead.
The acid dragon bites you. The acid dragon barely misses you.
You barely miss the acid dragon.
The acid dragon is almost dead.
You hit the acid dragon but do no damage.
The acid dragon is almost dead.
The acid dragon bites you.
The acid dragon claws you but does no damage.
You barely miss the acid dragon.
The acid dragon is almost dead.
The acid dragon spits acid at you. The splash of acid hits you!!
You die...
Kikubaaqudgha rasps: "You have failed me!
Welcome... death!"

.......# ..
.......### #....
.......'.# #....
.......#.....>..
.......######...
#'###...........
..#
#...........####.#
###
#..........D.....#
# #...........@#
#####............#
'................#
#####............#
#...'............#
#.###............#
#.# #............#
#.# #............#
#.##############.#


You could see an acid dragon (catching breath, drained).

Vanquished Creatures
  2 death yaks (D:8)
  Pikel (D:6)
  Sigmund (D:6)
  Grum (D:8)
  A steam dragon (D:6)
  Edmund (D:4)
  A water moccasin (D:8)
  Duvessa (D:6)
  An orc warrior (D:7)
  4 ice beasts
  A sky beast (D:7)
  3 wolves (D:8)
  4 ogres
  A phantom (D:5)
  2 necrophages
  A scorpion (D:5)
  11 wights
  Dowan (D:6)
  A howler monkey (D:6)
  4 jellies
  3 hounds
  3 orc priests
  2 hell rats (D:8)
  2 iguanas
  4 orc wizards
  11 adders
  A river rat (D:8)
  3 white imps
  4 dart slugs
  18 orcs
  6 endoplasms
  3 giant cockroaches
  7 goblins
  3 hobgoblins
  3 jackals (D:2)
  5 quokkas
  7 ball pythons
  4 bats
  4 frilled lizards
  7 kobolds
  5 rats
148 creatures vanquished.

Vanquished Creatures (collateral kills)
  A jelly (D:4)
  A white imp (D:5)
  An orc (D:6)
3 creatures vanquished.

Grand Total: 151 creatures vanquished

Notes
Turn   | Place    | Note
-------+----------+-------------------------------------------
     0 | D:1      | freelancePsychic the Spriggan Wanderer began the quest for
                  | the Orb.
     0 | D:1      | freelancePsychic set off with the following items: a +0
                  | dagger, 13 poisoned darts, a scroll of teleportation {@r4},
                  | a potion of haste {@q3}, a +0 robe; and the following
                  | spells available to memorise: Necrotise, Sublimation of
                  | Blood, Kiss of Death.
     0 | D:1      | Reached XP level 1. HP: 10/10 MP: 3/3
   119 | D:1      | Reached skill level 1 in Stealth
   249 | D:1      | Reached XP level 2. HP: 12/14 MP: 5/5
   422 | D:1      | Reached skill level 1 in Short Blades
   710 | D:1      | Reached XP level 3. HP: 18/18 MP: 6/6
  1300 | D:2      | Found an ancient bone altar of Kikubaaqudgha.
  1333 | D:2      | Became a worshipper of Kikubaaqudgha
  1371 | D:2      | Reached XP level 4. HP: 23/23 MP: 7/7
  1730 | D:3      | Learned a level 1 spell: Necrotise
  2116 | D:4      | Identified a scroll of acquirement
  2120 | D:4      | Acquired a +4 ring of protection
  2154 | D:4      | Found a runed translucent door.
  2154 | D:4      | Noticed elisander's ghost (amateur SpBr)
  2179 | D:4      | Found Ypposepp's Fire Supplies.
  2289 | D:4      | Reached XP level 5. HP: 26/26 MP: 4/8
  2436 | D:4      | Noticed Eustachio
  2493 | D:4      | Noticed an ogre
  2530 | D:4      | Killed an ogre
  2629 | D:4      | Noticed Edmund
  2760 | D:4      | Killed Edmund
  2760 | D:4      | Reached * piety under Kikubaaqudgha
  2760 | D:4      | Received a gift from Kikubaaqudgha
  2761 | D:4      | Reached XP level 6. HP: 32/32 MP: 9/11
  2883 | D:5      | Entered Level 5 of the Dungeon
  3090 | D:5      | Noticed Grinder
  3199 | D:5      | Noticed an ice beast
  3238 | D:5      | Killed an ice beast
  3239 | D:5      | Reached XP level 7. HP: 35/35 MP: 3/13
  3471 | D:5      | Found a runed translucent door.
  3472 | D:5      | Noticed Crazy Yiuf
  3899 | D:5      | Reached skill level 5 in Dodging
  3899 | D:5      | Reached skill level 5 in Necromancy
  4543 | D:6      | Noticed Sigmund
  4586 | D:5      | Reached XP level 8. HP: 20/40 MP: 5/15
  4717 | D:6      | Noticed Duvessa
  4717 | D:6      | Noticed Dowan
  4732 | D:6      | Killed Dowan
  4737 | D:6      | Killed Duvessa
  5074 | D:6      | Reached skill level 5 in Spellcasting
  5340 | D:6      | Killed Sigmund
  5402 | D:7      | Found a staircase to the Ecumenical Temple.
  5458 | D:6      | Reached XP level 9. HP: 28/45 MP: 18/18
  5644 | D:6      | Noticed Pikel
  5658 | D:6      | Killed Pikel
  5659 | D:6      | Reached skill level 5 in Fighting
  5664 | D:6      | Learned a level 4 spell: Olgreb's Toxic Radiance
  5726 | D:6      | Reached ** piety under Kikubaaqudgha
  6827 | D:7      | Found a white marble altar of Elyvilon.
  6992 | D:7      | Reached skill level 5 in Poison Magic
  7333 | D:8      | Noticed a death yak
  7648 | D:8      | Noticed a death yak
  7663 | D:8      | Noticed Grum
  7851 | D:8      | Killed Grum
  8413 | D:8      | Reached XP level 10. HP: 50/53 MP: 12/20
  8484 | D:8      | Found a staircase to the Lair.
  8521 | D:8      | Noticed a death yak
  8568 | D:8      | Killed a death yak
  8608 | D:8      | Killed a death yak
  8750 | D:8      | Noticed a cyclops
  9068 | D:8      | Killed from afar by an acid dragon

Illustrated notes

Levels and vault maps discovered:
D:1:      eino_arrival_tree_alley, layout_basic
D:2:      layout_loops_ring, basic_altar
D:3:      layout_basic
D:4:      layout_basic, gammafunk_ghost_grave, nicolae_eternal_life,
          nicolae_shop_fire_sale [nicolae_sub_dead_trees], uniq_eustachio,
          uniq_edmund
D:5:      layout_basic, minmay_fractal_squares_gapless_5, uniq_grinder,
          uniq_crazy_yiuf_cottage
D:6:      layout_basic, uniq_pikel, uniq_sigmund, uniq_duvessa
D:7:      layout_basic, elyvilon_altar_4, minmay_temple_entry_junction_2
D:8:      layout_basic, dpeg_lair_monsters, uniq_grum

Skill      XL: |  1  2  3  4  5  6  7  8  9 10 |
---------------+-------------------------------+-----
Stealth        | 2 3 |  3.9
Dodging        | 2 3 4 5 7 |  7.0
Short Blades   | 1 3 |  3.8
Necromancy     | 3 4 5 7 |  7.6
Fighting       | 2 3 4 6 7 |  7.0
Spellcasting   | 2 3 4 5 6 |  6.5
Poison Magic   | 5 |  5.5
Throwing       | |  1.0
Unarmed Combat | |  1.5

Action                   |  1- 3 |  4- 6 |  7- 9 | 10-12 || total
-------------------------+-------+-------+-------+-------++-------
Melee: Dagger            |   118 |       |       |       ||   118
       Punch             |     3 |     1 |     8 |       ||    12
       Short sword       |    21 |    55 |   239 |    21 ||   336
Throw: Dart              |    15 |    15 |       |       ||    30
 Cast: Necrotise         |       |    42 |    96 |     8 ||   146
       Olgreb's Toxic Ra |       |       |    10 |     8 ||    18
Invok: Unearth Wretches  |       |     1 |       |       ||     1
Evoke: Wand              |       |       |    23 |       ||    23
  Use: Scroll            |       |     8 |    11 |       ||    19
 Stab: Sleeping          |     9 |     8 |     5 |       ||    22
       Invisible         |       |       |     6 |       ||     6
Armor: Robe              |    18 |     7 |    22 |    10 ||    57
Dodge: Dodged            |    92 |    39 |   215 |    22 ||   368

Table legend: (Time is in decaauts)
 A = Elapsed time spent in this place.
 B = Non-inter-level travel time spent in this place.
 C = Inter-level travel time spent in this place.
 D = Time resting spent in this place.
 E = Time spent auto-exploring this place.
 F = Levels seen in this place.
 G = Mean time per level.
                   A        B        C        D        E       F      G
               +--------+--------+--------+--------+--------+-----+--------+
         Total |   6724 |   6473 |    251 |    566 |   4223 |   8 |  840.5 |
       Dungeon |   6724 |   6473 |    251 |    566 |   4223 |   8 |  840.5 |
               +--------+--------+--------+--------+--------+-----+--------+

Top non-repeatable levels by time:
     D:5: 1384 daAuts
     D:6: 1189 daAuts
     D:8: 1147 daAuts
     D:7: 1008 daAuts
     D:1: 605 daAuts
     D:4: 553 daAuts
     D:2: 422 daAuts
     D:3: 413 daAuts
